 Dungeon Crawl Stone Soup version 0.30-a0-777-ga9a30cbeda (webtiles) character file.

Game seed: 1151814498847107285

178900 Lobster4 the Tortoise (level 18, -6/114 HPs)
             Began as a Gargoyle Earth Elementalist on Feb 14, 2023.
             Was the Champion of Vehumet.
             Mangled by a demonic crawler (20 damage)
             ... on level 4 of the Spider Nest.
             The game lasted 02:01:05 (39835 turns).

Lobster4 the Tortoise (GrEE)                       Turns: 39835, Time: 02:01:05

Health: -6/114     AC: 31    Str: 14    XL:     18   Next: 21%
Magic:  26/32      EV: 11    Int: 34    God:    Vehumet [******]
Gold:   1076       SH: 14    Dex: 13    Spells: 3/37 levels left

rFire   . . .      SeeInvis +    t - +4 hand axe of Exquisite Torment {protect, rF- Int+6}
rCold   + + .      Faith    .    O - +1 kite shield {rC+}
rNeg    + . .      Spirit   .    Z - +2 robe {rC+ rF+}
rPois   ∞          Reflect  .    d - +2 helmet
rElec   +          Harm     .    A - +1 cloak
rCorr   .          Rampage  .    P - +1 pair of gloves {Dex+3}
Will    +....                    Q - +1 pair of boots
Stlth   ++                       L - amulet of magic regeneration
HPRegen 0.39/turn                S - +6 ring of intelligence
MPRegen 0.63/turn                e - ring of see invisible

@: about to teleport, flying, hasted, very quick
A: sickness immunity, AC +13, big wings, negative energy resistance 1,
electricity resistance, torment resistance 1, petrification resistance
a: Renounce Religion


You were on level 4 of the Spider Nest.
You worshipped Vehumet.
Vehumet was exalted by your worship.
You visited 5 branches of the dungeon, and saw 27 of its levels.
You visited the Abyss 1 time.
You also visited: Sewer and Ice Cave.

You collected 2624 gold pieces.
You spent 1548 gold pieces at shops.

Inventory:

Hand Weapons
 t - the +4 hand axe of Exquisite Torment (weapon) {protect, rF- Int+6}
   (You found it on level 3 of the Dungeon)

   Int:       It affects your intelligence (+6).
   rF:        It makes you vulnerable to fire.
 C - a +6 club
Missiles
 n - 2 silver javelins
 r - 34 poisoned darts (quivered)
 E - 8 curare-tipped darts
Armour
 d - a +2 helmet (worn)
 A - a +1 cloak (worn)
 O - a +1 kite shield of cold resistance (worn)
 P - a +1 pair of gloves of dexterity (worn)
 Q - a +1 pair of boots (worn)
 Z - a +2 robe of resistance (worn)
Jewellery
 e - a ring of see invisible (right hand)
 G - a ring of protection from cold
 L - an amulet of magic regeneration (around neck)
 S - a +6 ring of intelligence (left hand)
 U - a ring of resist corrosion
 V - a +6 ring of intelligence
 Y - the ring "Fasein" {+Blink Fly rC++ rCorr Dex-3}
   (You found it in an ice cave)

   [ring of flight]

   Dex:       It affects your dexterity (-3).
   rC:        It greatly protects you from cold.
   Fly:       It grants you flight.
   +Blink:    It lets you blink.
   rCorr:     It protects you from acid and corrosion.
Wands
 j - a wand of charming (30)
 o - a wand of roots (9)
 B - a wand of acid (13)
 F - a wand of flame (29)
 K - a wand of mindburst (6)
Scrolls
 f - a scroll of acquirement
 q - a scroll of immolation
 v - 6 scrolls of magic mapping
 x - 5 scrolls of teleportation
 J - 3 scrolls of enchant weapon
 N - 7 scrolls of identify
 R - a scroll of silence
 W - a scroll of fog
Potions
 b - a potion of magic
 h - 4 potions of lignification
 i - 7 potions of curing
 l - 3 potions of cancellation
 p - a potion of invisibility
 s - 2 potions of resistance
 u - 7 potions of brilliance
 z - a potion of heal wounds
 I - 3 potions of berserk rage
 M - a potion of might
 X - a potion of haste
Miscellaneous
 a - a condenser vane
 T - a phial of floods


   Skills:
 + Level 13.1 Fighting
 + Level 1.6(3.8) Axes
 - Level 6.0(6.1) Maces & Flails
 - Level 2.0 Throwing
 * Level 16.4 Armour
 - Level 2.0 Dodging
 - Level 3.0 Stealth
 - Level 15.0 Shields
 - Level 10.0 Spellcasting
 + Level 12.9 Conjurations
 + Level 4.7 Necromancy
 - Level 1.0 Transmutations
 + Level 14.6 Earth Magic
 - Level 7.0 Poison Magic
 - Level 3.0 Evocations


You had 3 spell levels left.
You knew the following spells:

 Your Spells              Type           Power      Damage    Failure   Level
a - Magic Dart            Conj           100%       1d8       0%          1
b - Sandblast             Erth           100%       2d20      0%          1
c - Stone Arrow           Conj/Erth      100%       3d13      1%          3
d - Iron Shot             Conj/Erth      42%        9d8       1%          6
e - Olgreb's Toxic Radia  Pois           59%        N/A       1%          4
f - Borgnjor's Vile Clut  Necr/Erth      35%        N/A       2%          5
g - Lee's Rapid Deconstr  Erth           43%        3d21*     1%          5
h - Passwall              Tmut/Erth      52%        N/A       1%          2
o - Orb of Destruction    Conj           40%        9d11      5%          7

Your spell library contained the following spells:

 Spells                   Type           Power      Damage    Failure   Level
 Maxwell's Capacitive Co  Air            8%         ∞         100%        8
 Necrotise                Necr           100%       1d9       1%          1
 Searing Ray              Conj           100%       2d8       1%          2
 Dazzling Flash           Conj/Hex       100%       N/A       1%          3
 Hailstorm                Conj/Ice       57%        3d12      1%          3
 Ignite Poison            Fire/Tmut/Pois 35%        N/A       1%          3
 Vampiric Draining        Necr           49%        2d9       1%          3
 Apportation              Tloc           34%        N/A       4%          1
 Summon Small Mammal      Summ           68%        N/A       4%          1
 Frozen Ramparts          Ice            34%        1d6       4%          3
 Ensorcelled Hibernation  Hex/Ice        34%        N/A       7%          2
 Call Canine Familiar     Summ           17%        N/A       14%         3
 Portal Projectile        Hex/Tloc       34%        N/A       14%         3
 Summon Guardian Golem    Hex/Summ       17%        N/A       14%         3
 Swiftness                Air            17%        N/A       14%         3
 Fulminant Prism          Conj/Hex       28%        3d14      1%          4
 Petrify                  Tmut/Erth      63%        N/A       1%          4
 Sticky Flame             Conj/Fire      57%        2d7       1%          4
 Leda's Liquefaction      Hex/Erth       30%        N/A       2%          4
 Lightning Bolt           Conj/Air       28%        1d45      2%          5
 Freezing Cloud           Conj/Ice/Air   23%        6-21      6%          5
 Animate Dead             Necr           49%        N/A       7%          4
 Airstrike                Air            8%         2d(2-18)  12%         4
 Agony                    Necr           49%        N/A       19%         5
 Alistair's Intoxication  Tmut/Pois      29%        N/A       24%         5
 Ice Form                 Ice/Tmut       20%        N/A       36%         4
 Cause Fear               Hex            8%         N/A       41%         4
 Manifold Assault         Tloc           17%        N/A       41%         4
 Summon Ice Beast         Ice/Summ       17%        N/A       41%         4
 Summon Lightning Spire   Summ/Air       17%        N/A       41%         4
 Death Channel            Necr           24%        N/A       71%         6
 Silence                  Hex/Air        8%         N/A       77%         5
 Summon Mana Viper        Hex/Summ       17%        N/A       77%         5
 Simulacrum               Ice/Necr       16%        N/A       95%         6
 Dispersal                Tloc           8%         N/A       100%        6
 Dragon Form              Tmut           11%        N/A       100%        7
 Monstrous Menagerie      Summ           8%         N/A       100%        7
 Disjunction              Tloc           8%         N/A       100%        8
 Ignition                 Fire           8%         3d5       100%        8
 Dragon's Call            Summ           8%         N/A       100%        9
 Polar Vortex             Ice            8%         N/A       100%        9
 Statue Form              Tmut/Erth      Unusable   N/A       N/A         6

Dungeon Overview and Level Annotations

Branches:
Dungeon (15/15)            Temple (1/1) D:4            Lair (5/5) D:11
 Shoals (0/4) Lair:2       Spider (4/4) Lair:3        Slime (0/5) Lair:4
    Orc (2/2) D:12            Elf (0/3) Orc:2        Vaults (0/5) D:13
 Depths (0/4) D:15          Sewer (visited)           IceCv (visited)

Altars:
Ashenzari
Cheibriados
Dithmenos
Elyvilon
Fedhas
Gozag
Hepliaklqana
Kikubaaqudgha
Makhleb
Nemelex Xobeh
Okawaru
Qazlal
Ru
Sif Muna
Trog
Uskayaw
Vehumet
Wu Jian
Xom
Yredelemnul
Zin
The Shining One

Shops:
D:11 [   D:13 ((?*!   Orc:2 *=[??

Annotations:
D:14 2 transporters
Spider:3 Donald
Spider:4 exclusion: 6 doors
Orc:1 2 transporters
Orc:2 3 runed translucent doors, patfeehan111222's ghost, journeyman MiBe


Innate Abilities, Weirdness & Mutations

You are immune to sickness and miasma.
Your stone body is resilient. (AC +13)
You are immune to poison.
Your large and strong wings let you fly.
You resist negative energy. (rN+)
You are resistant to electric shocks. (rElec)
You are resistant to unholy torment.
You are immune to petrification.


Message History

You kill the wolf spider!
Vehumet accepts your kill.
You feel your power returning.
Your sun moth throws sticky fire at the demonic crawler.
The sticky flame hits the demonic crawler.
The demonic crawler is covered in liquid flames!
The demonic crawler closely misses your sun moth.
The demonic crawler hits your sun moth!
Your sun moth dies!
Your sun moth's corpse dissolves into sparkling lights!
The jumping spider leaps!
Your wolf spider hits the jorogumo!
Your wolf spider barely misses the jorogumo.
The demonic crawler gives a hideous shriek!
Your life force feels restored.
The web tears apart.
The demonic crawler burns!
The meliai invokes the aid of its god against you.
Something smites you!
The jumping spider leaps!
You block the demonic crawler's attack. x3
As you read the scroll of teleportation, it crumbles to dust.
You feel strangely unstable.
The demonic crawler burns!
A wolf spider comes into view.
The jumping spider closely misses you. You block the jumping spider's attack.
The demonic crawler misses you. The demonic crawler barely misses you.
The demonic crawler hits you but does no damage.
The demonic crawler attacks as you move away!
You block the demonic crawler's attack. x3; Your wolf spider hits the jorogumo!
Your wolf spider misses the jorogumo.
The demonic crawler burns!
Your wolf spider is no longer moving slowly.
Your wolf spider dies!
Your wolf spider's corpse dissolves into shadows!
The demonic crawler burns!
The demonic crawler hits you. You block the demonic crawler's attack.
The demonic crawler hits you!
* * * LOW HITPOINT WARNING * * *
The meliai invokes the aid of its god against you.
Something smites you!
* * * LOW HITPOINT WARNING * * *
The jumping spider leaps!
You block the demonic crawler's attack. x2
The demonic crawler hits you!!
You die...

#.###....##,,,***,
######..#..^..#*,,,,*,,
##.........s†#.#***,,,,,
#.............s#,,**,,,,
####.....y..s.^.#,,,**,,,
#..#.....y.ss.†.##,,^**,,
#^.......#.s...^.##^,,,,,
##........s○H^#.#..#*,,,,,
##..<.....@...#######******
##..##........## *
#..#####..##### #...# #.##
#..## ### #..# ####


You could see a jorogumo, a demonic crawler (berserk, burning), 2 wolf spiders,
a moth of wrath, an orb spider (charged), a culicivora, a jumping spider, a
redback and a meliai.

Vanquished Creatures
  Arachne (Spider:3)
  Jorgrun (Orc:2)
  Asterion (Spider:2)
  A tentacled starspawn (Abyss:2)
  The ghost of mistaj the Bludgeoner, an adept GrFi of Okawaru (Spider:2)
  A rockslime (IceCv)
  3 azure jellies (IceCv)
  A revenant (Abyss:2)
  Aizul (Spider:2)
  3 orc warlords
  2 ghost moths
  4 quicksilver oozes (IceCv)
  3 broodmothers
  2 very ugly things (Abyss:2)
  Azrael (D:14)
  2 dire elephants (Lair:5)
  A white draconian (Abyss:2)
  A spark wasp (Spider:3)
  An ettin (Orc:2)
  2 entropy weavers
  An entropy weaver (shapeshifter) (D:13)
  4 vault guards (D:13)
  2 hydras
  2 spriggan skeletons (Abyss:2)
  A catoblepas (Lair:4)
  2 radroaches
  A merfolk avatar (Lair:5)
  4 two-headed ogres
  2 jorogumos (Spider:4)
  2 boulder beetles
  5 centaur warriors
  2 death knights
  A tengu warrior (D:13)
  6 death yaks
  3 orc high priests
  Urug (Lair:4)
  A thrashing horror (Abyss:2)
  Sonja (D:10)
  Amaemon (Lair:3)
  A wretched star (Abyss:2)
  6 pharaoh ants
  A spatial maelstrom (Abyss:2)
  A sun moth (Spider:3)
  3 orange crystal statues (IceCv)
  6 steelbarb worms
  A glowing orange brain (shapeshifter) (D:14)
  10 orb spiders
  A phantasmal warrior (D:15)
  2 oklob plants (Lair:2)
  A harpy (Lair:5)
  Pikel (D:4)
  2 wizards (D:15)
  4 orc knights
  5 orc sorcerers (Orc:2)
  4 deep elf pyromancers
  A necromancer (D:15)
  3 manticores
  12 ugly things
  19 wolf spiders
  Joseph (D:8)
  A merfolk siren (Lair:2)
  4 cyclopes
  4 moths of wrath
  2 naga magi (D:15)
  5 large abominations (Abyss:2)
  A guardian serpent (shapeshifter) (D:13)
  2 centaur zombies (D:15)
  7 elephants
  Maurice (D:12)
  3 torpor snails (Lair:5)
  7 black mambas
  A rust devil (Abyss:2)
  6 demonic crawlers
  21 cane toads
  A smoke demon (Abyss:2)
  A kobold demonologist (D:11)
  7 orange demons
  A gargoyle (D:10)
  3 unseen horrors
  4 rime drakes
  2 centaur skeletons (D:15)
  4 efreet
  2 freezing wraiths (D:15)
  4 yaktaurs (D:15)
  A tengu conjurer (D:13)
  A harpy zombie (D:15)
  7 komodo dragons
  2 ancient zymes (Abyss:2)
  3 red devils (D:13)
  3 wind drakes (Lair:5)
  2 polar bears
  An ettin zombie (Abyss:2)
  25 tarantellas
  7 trolls
  6 saltlings (Orc:2)
  3 hornets (Lair:5)
  24 blink frogs
  A snapping turtle (Lair:5)
  6 dream sheep
  39 slime creatures
  A flying skull (Abyss:2)
  26 jumping spiders
  2 shadows
  A water elemental (D:11)
  A culicivora (shapeshifter) (D:15)
  A ynoxinul (Abyss:2)
  18 culicivoras
  A wraith (D:13)
  57 yaks
  Eustachio (D:4)
  5 wyverns
  3 basilisks
  2 chaos spawn (Abyss:2)
  10 vampire mosquitoes
  4 hogs
  A human (D:8)
  4 fire elementals (D:14)
  40 redbacks
  13 wargs
  Menkaure (D:4)
  A steam dragon (D:8)
  A spatial vortex (Abyss:2)
  An acid dragon (D:10)
  2 hell hounds (D:14)
  Duvessa (D:5)
  11 water moccasins
  A floating eye (shapeshifter) (Abyss:2)
  26 orc warriors
  An ice beast (D:8)
  5 great orb of eyes simulacra (IceCv)
  2 black bears
  A sky beast (D:6)
  10 ogres
  7 wolves
  6 centaurs
  2 lemures (D:4)
  6 slime creature simulacra (IceCv)
  6 kobold brigands
  14 bullfrogs
  A scorpion (D:6)
  A necrophage (D:5)
  5 glowing shapeshifter simulacra (IceCv)
  5 wights
  Dowan (D:5)
  4 killer bees (D:10)
  4 electric eels
  A crimson imp (D:3)
  2 small abominations (Abyss:2)
  Crazy Yiuf (D:6)
  8 hounds
  17 orc priests
  5 jellies
  Jessica (D:2)
  3 iguanas
  Ijyb (D:5)
  Natasha (thrice) (D:2)
  17 orc wizards
  10 adders
  3 gnolls (D:8)
  3 white imps
  3 ufetubi
  2 worms
  7 dart slugs
  73 orcs
  7 ball pythons
  14 endoplasms
  13 giant cockroaches
  2 goblins (D:2)
  5 hobgoblins
  11 quokkas
  8 bats
  12 frilled lizards
  23 kobolds
  4 rats
  2 pillars of salt (Orc:2)
963 creatures vanquished.

Vanquished Creatures (collateral kills)
  A spark wasp (Spider:4)
  2 wolf spiders (Spider:4)
3 creatures vanquished.

Vanquished Creatures (others)
  33 fungi
  5 pillars of salt (Orc:2)
  120 plants
158 creatures vanquished.

Grand Total: 1124 creatures vanquished

Notes
Turn   | Place    | Note
-------+----------+-------------------------------------------
     0 | D:1      | Lobster4 the Gargoyle Earth Elementalist began the quest
                  | for the Orb.
     0 | D:1      | Reached XP level 1. HP: 10/10 MP: 3/3
   108 | D:1      | Reached skill level 1 in Transmutations
   108 | D:1      | Reached XP level 2. HP: 8/16 MP: 0/5
   556 | D:1      | Reached skill level 1 in Armour
   632 | D:1      | Reached XP level 3. HP: 20/20 MP: 4/6
   818 | D:1      | Reached skill level 1 in Fighting
  1111 | D:2      | Learned a level 3 spell: Stone Arrow
  1135 | D:2      | Noticed Jessica
  1220 | D:2      | Reached XP level 4. HP: 25/25 MP: 2/7
  1319 | D:2      | Noticed Natasha
  1324 | D:2      | Killed Natasha
  1380 | D:2      | Noticed Natasha
  1387 | D:2      | Killed Natasha
  1388 | D:2      | Reached XP level 5. HP: 29/30 MP: 2/8
  1397 | D:2      | Noticed Natasha
  1551 | D:2      | Killed Jessica
  1552 | D:2      | Reached skill level 1 in Conjurations
  1654 | D:2      | Killed Natasha
  1655 | D:2      | Reached skill level 2 in Armour
  1770 | D:3      | Found a glowing drain.
  1788 | D:3      | Found a faded altar of an unknown god.
  1854 | Sewer    | Entered a sewer
  1919 | Sewer    | Reached XP level 6. HP: 35/35 MP: 3/10
  2377 | Sewer    | Reached skill level 1 in Maces & Flails
  2377 | Sewer    | Reached skill level 1 in Throwing
  2377 | Sewer    | Reached skill level 1 in Evocations
  2690 | D:3      | Found a burning altar of Makhleb.
  2732 | D:3      | Found a shimmering altar of Xom.
  2762 | D:3      | Reached XP level 7. HP: 40/40 MP: 9/11
  2882 | D:3      | Identified the +4 hand axe of Exquisite Torment {protect,
                  | rF- Int+6}
  3424 | D:4      | Noticed Eustachio
  3439 | D:4      | Reached skill level 5 in Earth Magic
  3488 | D:4      | Noticed Menkaure
  3571 | D:4      | Found a staircase to the Ecumenical Temple.
  3583 | Temple   | Entered the Ecumenical Temple
  3779 | Temple   | Became a worshipper of Vehumet
  3983 | D:4      | You fall into a shaft and drop 2 floors!
  3995 | D:6      | Reached skill level 3 in Armour
  4013 | D:5      | Entered Level 5 of the Dungeon
  4338 | D:4      | Noticed Pikel
  4513 | D:4      | Killed Pikel
  4514 | D:4      | Reached skill level 4 in Armour
  4514 | D:4      | Reached XP level 8. HP: 42/48 MP: 0/13
  4860 | D:5      | Noticed Dowan
  4991 | D:5      | Noticed Ijyb
  4996 | D:5      | Killed Ijyb
  5591 | D:5      | Reached * piety under Vehumet
  5591 | D:5      | Offered knowledge of Magic Dart by Vehumet.
  5595 | D:5      | Learned a level 1 spell: Magic Dart
  5760 | D:5      | Noticed Duvessa
  5777 | D:5      | Killed Duvessa
  5778 | D:5      | Killed Dowan
  6000 | D:6      | Found a stormy altar of Qazlal.
  6115 | D:6      | Found a runed translucent door.
  6116 | D:6      | Noticed Crazy Yiuf
  6121 | D:6      | Killed Crazy Yiuf
  6212 | D:6      | Reached XP level 9. HP: 52/52 MP: 2/15
  7403 | D:8      | Reached skill level 5 in Fighting
  7403 | D:8      | Reached skill level 5 in Armour
  7603 | D:8      | Reached ** piety under Vehumet
  7709 | D:8      | Offered knowledge of Poisonous Vapours by Vehumet.
  8287 | D:8      | Found a white marble altar of Elyvilon.
  8318 | D:8      | Reached skill level 5 in Spellcasting
  8318 | D:8      | Reached skill level 5 in Conjurations
  8429 | D:8      | Reached XP level 10. HP: 60/60 MP: 12/17
  8438 | D:8      | Reached skill level 6 in Armour
  8540 | D:8      | Noticed Joseph
  8677 | D:8      | Killed Joseph
  8834 | D:9      | Identified the +0 robe of the Evening Star {Rampage *Slow
                  | rC+}
  8942 | D:9      | Offered knowledge of Ignite Poison by Vehumet.
  9315 | D:9      | Reached *** piety under Vehumet
  9316 | D:9      | Reached skill level 7 in Armour
  9639 | D:10     | Entered Level 10 of the Dungeon
  9646 | D:10     | Noticed a gargoyle
  9651 | D:10     | Reached skill level 1 in Shields
  9653 | D:10     | Killed a gargoyle
  9655 | D:10     | Reached XP level 11. HP: 65/67 MP: 20/20
  9655 | D:10     | Offered knowledge of Olgreb's Toxic Radiance by Vehumet.
  9669 | D:10     | Learned a level 4 spell: Olgreb's Toxic Radiance
  9717 | D:10     | Noticed a two-headed ogre
  9726 | D:10     | Killed a two-headed ogre
  9862 | D:10     | Noticed Sonja
  9865 | D:10     | Killed Sonja
  9866 | D:10     | Reached skill level 1 in Poison Magic
  9878 | D:10     | Found a broken altar of Ashenzari.
  9878 | D:10     | Found a snail-covered altar of Cheibriados.
 10366 | D:11     | Noticed a boulder beetle
 10378 | D:11     | Killed a boulder beetle
 10503 | D:11     | Noticed a two-headed ogre
 10510 | D:11     | Killed a two-headed ogre
 10727 | D:11     | Reached skill level 8 in Armour
 10731 | D:11     | Found a staircase to the Lair.
 10880 | D:11     | Found Cheibriados's Comfort Zone.
 10882 | D:11     | Found a snail-covered altar of Cheibriados.
 10886 | D:11     | Noticed a soul eater
 10896 | D:11     | Noticed a soul eater
 10898 | D:11     | Noticed a soul eater
 11564 | D:12     | Noticed a deep elf pyromancer
 11569 | D:12     | Noticed a purple ugly thing
 11756 | D:4      | Killed Menkaure
 11810 | D:4      | Killed Eustachio
 11991 | Lair:1   | Entered Level 1 of the Lair of Beasts
 12297 | Lair:1   | Reached XP level 12. HP: 75/75 MP: 17/22
 12308 | Lair:1   | Reached **** piety under Vehumet
 12390 | Lair:1   | Learned a level 5 spell: Lee's Rapid Deconstruction
 12605 | Lair:1   | Offered knowledge of Fulminant Prism by Vehumet.
 12608 | Lair:1   | Reached skill level 5 in Shields
 12608 | Lair:1   | Reached skill level 10 in Earth Magic
 12842 | Lair:1   | Identified the +1 morningstar "Killer Klown's Death"
                  | {heavy, Stlth+}
 12932 | Lair:1   | Identified the +1 robe "Tutips" {rC- Dex+7}
 13029 | Lair:2   | Reached skill level 5 in Maces & Flails
 13079 | Lair:2   | Reached skill level 9 in Armour
 13125 | Lair:2   | Identified the +8 quarterstaff "Tiommouc" {holy, rElec
                  | Str+5}
 13841 | Lair:2   | Identified the ring "Lidain" {Contam rElec rPois Int-4
                  | Slay+4}
 14120 | Lair:2   | Found a staircase to the Shoals.
 14495 | Lair:3   | Noticed an eight-headed hydra
 14499 | Lair:3   | Killed an eight-headed hydra
 14500 | Lair:3   | Reached XP level 13. HP: 80/80 MP: 9/24
 14772 | Lair:3   | Reached ***** piety under Vehumet
 14841 | Lair:3   | Offered knowledge of Eringya's Noxious Bog by Vehumet.
 14936 | Lair:3   | Found a hole to the Spider Nest.
 14942 | Lair:3   | Reached skill level 10 in Armour
 14970 | Lair:3   | Identified the +3 leather armour "Okkodoumu" {-Cast rPois
                  | Regen+ Slay+2}
 15321 | Lair:3   | Noticed Amaemon
 15334 | Lair:3   | Killed Amaemon
 16513 | Lair:4   | Reached skill level 5 in Poison Magic
 17353 | Lair:4   | Noticed Urug
 17362 | Lair:4   | Killed Urug
 17489 | Lair:4   | Found a staircase to the Slime Pits.
 18070 | Lair:5   | Entered Level 5 of the Lair of Beasts
 18130 | Lair:5   | Reached skill level 11 in Armour
 18534 | Lair:5   | Learned a level 4 spell: Petrify
 18597 | Lair:5   | Gained mutation: Your large and strong wings let you fly.
                  | [Gargoyle growth]
 18597 | Lair:5   | Reached XP level 14. HP: 87/87 MP: 14/26
 18870 | Lair:5   | Noticed a dire elephant
 19053 | Lair:5   | Reached skill level 10 in Fighting
 19352 | Lair:5   | Noticed a dire elephant
 19360 | Lair:5   | Killed a dire elephant
 20053 | Lair:5   | Offered knowledge of Ozocubu's Refrigeration by Vehumet.
 20054 | Lair:5   | Reached skill level 10 in Conjurations
 20681 | Lair:5   | Reached skill level 12 in Armour
 20713 | Lair:5   | Identified the +2 quarterstaff of the Equinox {flame, Str+2
                  | Int+3 Dex+2}
 20931 | Lair:5   | Killed a dire elephant
 20932 | Lair:5   | Reached skill level 10 in Shields
 21712 | Spider:1 | Entered Level 1 of the Spider Nest
 22085 | Spider:1 | Reached XP level 15. HP: 57/93 MP: 11/28
 22941 | Spider:1 | Offered knowledge of Orb of Destruction by Vehumet.
 22961 | Spider:1 | Learned a level 7 spell: Orb of Destruction
 22964 | Spider:1 | Learned a level 2 spell: Passwall
 24197 | D:12     | Reached skill level 13 in Armour
 24937 | D:12     | Found a staircase to the Orcish Mines.
 24943 | D:12     | Noticed Maurice
 24949 | D:12     | Killed Maurice
 25169 | D:13     | Found Rieh's Distillery.
 25419 | Orc:1    | Entered Level 1 of the Orcish Mines
 25641 | Orc:2    | Entered Level 2 of the Orcish Mines
 25641 | Orc:2    | Found a staircase to the Elven Halls.
 25749 | Orc:2    | Noticed an orc warlord
 25771 | Orc:1    | Killed an orc warlord
 26059 | Orc:2    | Offered knowledge of Lightning Bolt by Vehumet.
 26267 | Orc:2    | Found Yczuorru's Magic Scroll Boutique.
 26343 | Orc:2    | Noticed Jorgrun
 26353 | Orc:2    | Killed Jorgrun
 27262 | Orc:2    | Noticed an orc warlord
 27268 | Orc:2    | Killed an orc warlord
 27539 | Orc:2    | Found a burning altar of Makhleb.
 27619 | Orc:2    | Noticed an orc warlord
 27659 | Orc:2    | Killed an orc warlord
 28079 | Orc:2    | Found a runed translucent gate.
 28079 | Orc:2    | Found a runed translucent gate.
 28079 | Orc:2    | Found a runed translucent gate.
 28079 | Orc:2    | Noticed an orc warlord
 28080 | Orc:2    | Found an iron altar of Okawaru.
 28080 | Orc:2    | Noticed patfeehan111222's ghost (journeyman MiBe)
 28424 | Orc:2    | Found Umosent's Magic Scroll Shoppe.
 28472 | Orc:2    | Found Ifigucs's Jewellery Boutique.
 28474 | Orc:2    | Found Yhaxely's Assorted Antiques.
 28493 | Orc:2    | Found Husmeh's Armour Shop.
 28687 | Orc:2    | Bought an amulet of magic regeneration for 330 gold pieces
 29252 | Orc:1    | Reached XP level 16. HP: 88/100 MP: 23/29
 29350 | Orc:2    | Reached skill level 10 in Spellcasting
 29489 | Orc:1    | Found a transporter.
 29563 | Orc:1    | Found a transporter.
 29750 | Orc:2    | Bought a pair of glowing gloves for 255 gold pieces
 29910 | Abyss:2  | Cast into level 2 of the Abyss (red devil)
 29916 | Abyss:2  | Found a corrupted altar of Lugonu.
 30024 | Abyss:2  | Reached skill level 14 in Armour
 30152 | Abyss:2  | Learned a level 5 spell: Borgnjor's Vile Clutch
 30299 | Abyss:2  | Noticed a tentacled starspawn
 30303 | Abyss:2  | Killed a tentacled starspawn
 30583 | Abyss:2  | Reached skill level 1 in Necromancy
 30782 | Abyss:2  | Reached ****** piety under Vehumet
 30800 | Abyss:2  | Noticed a revenant
 30805 | Abyss:2  | Killed a revenant
 30873 | D:13     | Escaped the Abyss
 31062 | Spider:2 | Found a runed translucent door.
 31064 | Spider:2 | Noticed mistaj's ghost (adept GrFi)
 31368 | Spider:2 | Noticed Aizul
 31388 | Spider:2 | Killed Aizul
 31539 | Spider:2 | Noticed Asterion
 31561 | Spider:2 | Killed Asterion
 31561 | Spider:2 | Offered knowledge of Iron Shot by Vehumet.
 31700 | Spider:2 | Learned a level 6 spell: Iron Shot
 33978 | Spider:3 | Noticed Donald
 34129 | Spider:3 | Reached skill level 15 in Armour
 34135 | Spider:3 | Noticed Arachne
 34514 | D:13     | Found Heol's Antique Weapon Shoppe.
 34540 | D:13     | Bought an iridescent demon blade for 840 gold pieces
 34540 | D:13     | Identified the +0 demon blade of Defilement {drain, rElec
                  | rF+ Int+3 Dex+2} (You bought it in a shop on level 13 of
                  | the Dungeon)
 34553 | D:13     | Found a gate to the Vaults.
 34557 | D:13     | Reached XP level 17. HP: 96/106 MP: 24/31
 34654 | D:13     | Found Hocset's Magic Scroll Boutique.
 34661 | D:13     | Bought a scroll of summoning for 123 gold pieces
 34806 | D:13     | Found Abywaq's Weapon Emporium.
 34891 | D:13     | Found Plog's General Store.
 34982 | D:13     | Offered knowledge of Yara's Violent Unravelling by Vehumet.
 35182 | D:14     | Found a transporter.
 35252 | D:14     | Noticed Azrael
 35371 | D:14     | Killed Azrael
 35427 | D:14     | Found a transporter.
 35431 | D:14     | Noticed an acid blob
 35432 | D:14     | Noticed an acid blob
 35432 | D:14     | Noticed an acid blob
 35682 | D:14     | Found a hazy altar of Hepliaklqana.
 36136 | D:15     | Entered Level 15 of the Dungeon
 36769 | D:15     | Identified a scroll of acquirement
 37208 | D:15     | Offered knowledge of Maxwell's Capacitive Coupling by
                  | Vehumet.
 37264 | D:15     | Found a staircase to the Depths.
 37576 | Spider:2 | Killed mistaj's ghost
 37703 | Spider:3 | Killed Arachne
 37882 | Spider:4 | Entered Level 4 of the Spider Nest
 37891 | Spider:4 | Found a frozen archway.
 37932 | IceCv    | Entered an ice cave
 38192 | IceCv    | Identified the +10 plate armour "Wem Nas" {rC+}
 38482 | IceCv    | Reached skill level 16 in Armour
 38687 | IceCv    | Found a viscous altar of Jiyva.
 38776 | IceCv    | Identified the amulet of Pice {Spirit rC- rN++ Int+3 Dex+4}
 38779 | IceCv    | Identified the +2 robe of Filth {rElec rPois rC- Will-}
 38780 | IceCv    | Identified the ring "Fasein" {+Blink Fly rC++ rCorr Dex-3}
 39073 | Spider:4 | Reached XP level 18. HP: 114/114 MP: 30/32
 39349 | Spider:4 | Reached skill level 1 in Axes
 39351 | Spider:4 | Reached skill level 15 in Shields
 39835 | Spider:4 | Mangled by a demonic crawler

Illustrated notes

Levels and vault maps discovered:
D:1:      minmay_arrival_arboretum_small, layout_basic, minmay_pentomino_q4
D:2:      layout_rooms, uniq_jessica, uniq_natasha
D:3:      layout_basic, grunt_temple_overflow_champion_of_chaos,
          gup_sewer_entry_glass, basic_ecumenical_altar
D:4:      layout_gridville, minmay_temple_entry_tees, kennysheep_generic_room_8,
          uniq_pikel, uniq_eustachio, uniq_menkaure
D:5:      layout_loops_ring, uniq_duvessa, uniq_ijyb
D:6:      layout_rooms, mainiacjoe_overflow_24_doors, serial_corexii_hall,
          chequers_hall_statues_y, corexii_hall_statues_i,
          uniq_crazy_yiuf_cottage
D:7:      layout_basic, minivault_24
D:8:      layout_rooms, kennysheep_mini, grunt_livestock, uniq_joseph
D:9:      layout_rooms
D:10:     layout_rooms, jmf_multi_god_temple, kennysheep_generic_room_4,
          uniq_sonja
D:11:     layout_long_grid, erik_lair_island, minmay_shop_chei
D:12:     layout_cave_pools, david_orc_2, uniq_maurice
D:13:     layout_rooms, lightli_vaults_fourway_checkpoint, serial_shops,
          nicolae_diamond_shop, nicolae_shop_waterfront, shop_statue,
          kennysheep_mini_moat, nicolae_shop_bloodbath_and_beyond, minivault_16,
          minmay_beelzebubs_servants
D:14:     gammafunk_cloud_chamber, layout_basic,
          nicolae_hepliaklqana_hazy_memory, uniq_azrael
D:15:     grunt_enter_depths_magical_seal, layout_cave_pools, serial_glass,
          glass_columns_c, glass_columns_a, glass_columns_b, glass_columns_a,
          serial_park_tiny_pond, glass_columns_b, columned_hall_lemuel
Temple:   regret_index_temple_sphere_string
Lair:1:   layout_misc_corridors, grunt_megastairs_4
Lair:2:   minmay_lair_oklob_chamber, layout_regular_city,
          minmay_shoals_entry_lonely_mermaid, serial_bayou_pond_b,
          beast_lair_carwin_1
Lair:3:   layout_cave_pods, nicolae_spider_entry_lesser_pyramids, uniq_amaemon
Lair:4:   layout_hall_layers, minmay_slime_entry_pillars,
          nicolae_lair_yak_garden, uniq_urug
Lair:5:   gammafunk_lair_ancient_temple, layout_regular_city, st_stairs_11,
          serial_bayou_pond_c, serial_bayou_ford_a
Spider:1: layout_spider_delve, hangedman_spider_tarantella_strand
Spider:2: layout_spider_delve, ebering_ghost_reflecting_pool,
          nicolae_spider_moth_buddies, uniq_aizul, uniq_asterion
Spider:3: layout_spider_delve, uniq_donald, uniq_arachne
Spider:4: johnstein_spider_rune_arachne_lair, portal_ice_cave_entry_pillars_four
Orc:1:    gammafunk_beogh_shrine, layout_caves
Orc:2:    hellmonk_orc_salted, layout_caves, serial_shops, shop_coins,
          gammafunk_ghost_fury_of_okawaru, basic_altar, uniq_jorgrun

Skill      XL: |  1  2  3  4  5  6  7  8  9 10 11 12 13 14 15 16 17 18 |
---------------+-------------------------------------------------------+-----
Transmutations | 1 |  1.0
Armour         | 1 2 4 5 7 8 9 11 12 13 15 16 | 16.4
Fighting       | 1 2 3 4 5 7 8 9 10 11 12 13 | 13.1
Earth Magic    | 4 5 6 7 8 9 10 11 12 13 14 | 14.6
Dodging        | 2 |  2.0
Stealth        | 3 |  3.0
Conjurations   | 1 2 3 5 6 7 8 9 10 11 12 | 12.9
Spellcasting   | 3 4 5 6 7 8 9 10 | 10.0
Maces & Flails | 1 2 4 5 6 |  6.0
Throwing       | 1 2 |  2.0
Evocations     | 1 2 3 |  3.0
Shields        | 1 4 6 8 10 12 13 14 15 | 15.0
Poison Magic   | 3 4 5 6 7 |  7.0
Necromancy     | 2 4 |  4.7
Axes           | 1 |  1.6

Action                     |  1- 3 |  4- 6 |  7- 9 | 10-12 | 13-15 | 16-18 || total
---------------------------+-------+-------+-------+-------+-------+-------++-------
  Melee: Unarmed           |    10 |       |       |       |       |       ||    10
         Short sword       |     9 |     2 |       |       |       |       ||    11
         Hand axe          |       |       |     9 |     1 |    44 |    39 ||    93
         Club              |       |       |    12 |    20 |       |       ||    32
  Throw: Dart              |       |       |    16 |     6 |    12 |     6 ||    40
   Cast: Sandblast         |    45 |   108 |   133 |   135 |   128 |    25 ||   574
         Stone Arrow       |       |       |    45 |   118 |   652 |   412 ||  1227
         Magic Dart        |       |       |    46 |    53 |   195 |    95 ||   389
         Olgreb's Toxic Ra |       |       |       |     9 |    55 |    35 ||    99
         Lee's Rapid Decon |       |       |       |     3 |       |     1 ||     4
         Iron Shot         |       |       |       |       |       |   239 ||   239
  Evoke: Wand              |       |       |     2 |     4 |    10 |    13 ||    29
         Phial of floods   |       |       |       |       |     1 |     2 ||     3
         Condenser vane    |       |       |       |       |       |     1 ||     1
    Use: Scroll            |       |     8 |     6 |    11 |     9 |    15 ||    49
         Potion            |       |     1 |     1 |     1 |       |     9 ||    12
 Armour: Robe              |    17 |    16 |    59 |    87 |   222 |   221 ||   622
  Dodge: Dodged            |    18 |    41 |    61 |    80 |   207 |   142 ||   549
  Block: Kite shield       |       |       |       |       |    42 |   277 ||   319

Table legend: (Time is in decaauts)
 A = Elapsed time spent in this place.
 B = Non-inter-level travel time spent in this place.
 C = Inter-level travel time spent in this place.
 D = Time resting spent in this place.
 E = Time spent auto-exploring this place.
 F = Levels seen in this place.
 G = Mean time per level.
                   A        B        C        D        E       F      G
               +--------+--------+--------+--------+--------+-----+--------+
         Total |  40262 |  37732 |   2530 |   8976 |  21487 |  30 | 1342.1 |
       Dungeon |  16455 |  15314 |   1141 |   2597 |   9906 |  15 | 1097.0 |
        Temple |    221 |    155 |     66 |      0 |    140 |   1 |  221.0 |
          Lair |  10096 |   9554 |    542 |   2215 |   5823 |   5 | 2019.2 |
   Spider Nest |   6538 |   6140 |    398 |   2006 |   2758 |   4 | 1634.5 |
  Orcish Mines |   4320 |   3938 |    382 |   1595 |   1662 |   2 | 2160.0 |
         Abyss |    960 |    960 |      0 |    159 |    560 |   1 |  960.0 |
         Sewer |    710 |    710 |      0 |     86 |    391 |   1 |  710.0 |
      Ice Cave |    959 |    959 |      0 |    318 |    246 |   1 |  959.0 |
               +--------+--------+--------+--------+--------+-----+--------+

Top non-repeatable levels by time:
  Lair:5: 2888 daAuts
   Orc:2: 2883 daAuts
  Lair:4: 2527 daAuts
Spider:2: 2434 daAuts
Spider:1: 2140 daAuts
  Lair:3: 2025 daAuts
    D:12: 1842 daAuts
  Lair:2: 1479 daAuts
    D:14: 1462 daAuts
   Orc:1: 1436 daAuts
    D:11: 1366 daAuts
     D:5: 1335 daAuts
     D:8: 1200 daAuts
  Lair:1: 1176 daAuts
     D:1: 1135 daAuts
